 Dungeon Crawl Stone Soup version 0.31-a0-618-g7ca08c1ff9 (webtiles) character file.

Game seed: 6581200485299491087

457 Twinkles the Trooper (level 6, -2/58 HPs)
             Began as a Minotaur Berserker on Aug 22, 2023.
             Was a Priest of Trog.
             Killed from afar by a bog mummy (8 damage)
             ... with a puff of frost
             ... in an ossuary.
             The game lasted 00:05:26 (2647 turns).

Twinkles the Trooper (Minotaur Berserker)           Turns: 2647, Time: 00:05:26

Health: -2/58      AC: 10    Str: 23    XL:     6   Next: 77%
Magic:  14/14      EV: 12    Int:  4    God:    Trog [***...]
Gold:   191        SH:  0    Dex: 10    Spells: 5/5 levels left

rFire   . . .        s - +1 trident (protect)
rCold   . . .        (no shield)
rNeg    . . .        b - +0 animal skin
rPois   .            (helmet restricted)
rElec   .            (no cloak)
rCorr   .            d - +0 pair of gloves
SInv    .            (no boots)
Will    .....        (no amulet)
Stlth   +            w - ring of magical power
HPRegen 0.29/turn    (no ring)
MPRegen 0.14/turn

%: no passive effects
@: under a protective aura, slowed, very slow
A: horns 2, retaliatory headbutt
a: Renounce Religion, Berserk, Trog's Hand


You were in an ossuary.
You worshipped Trog.
Trog was most pleased with you.
You visited 1 branch of the dungeon, and saw 4 of its levels.
You also visited: Ossuary.

You collected 191 gold pieces.

Inventory:

Hand Weapons
 a - a +0 hand axe
 s - a +1 trident of protection (weapon)
Missiles
 l - 2 poisoned darts
Armour
 b - a +0 animal skin (worn)
 d - a +0 pair of gloves (worn)
Jewellery
 w - a ring of magical power (left hand)
Wands
 h - a wand of acid (7)
Scrolls
 c - a scroll of revelation {unknown}
 e - 2 scrolls of teleportation {unknown}
 g - a scroll of noise {unknown}
 j - a scroll of butterflies {unknown}
 k - a scroll of fear {unknown}
 o - a scroll of vulnerability {unknown}
 q - a scroll of enchant armour {unknown}
 r - a scroll of fog {unknown}
 u - a scroll of amnesia {unknown}
 v - a scroll of immolation {unknown}
 Z - a scroll of identify
Potions
 m - a potion of attraction {unknown}
 p - a potion of berserk rage {unknown}
 t - a potion of magic {unknown}
 x - a potion of curing {unknown}
 N - a potion of heal wounds
 P - 2 potions of lignification


   Skills:
 + Level 6.4 Fighting
 + Level 6.3 Axes
 - Level 3.7 Armour
 - Level 3.4 Dodging


You had 5 spell levels left.
You didn't know any spells.
Your spell library was empty.

Dungeon Overview and Level Annotations

Branches:
Dungeon (4/15) Zot: 21443 Ossuary (1/1) Zot: 5865
 Temple: D:4-7

Altars:
Uskayaw

Annotations:
D:4 1 transporter, 4 exclusions, arvidsem's ghost, amateur DECj


Innate Abilities, Weirdness & Mutations

You have a pair of horns on your head.
You reflexively headbutt those who attack you in melee.


Message History

The mummy hits you.
* * * LOW HITPOINT WARNING * * *
Something unseen opens the door.
A bog mummy comes into view.
You puncture the mummy!
You destroy the mummy!
Trog accepts your kill.
As you read the scroll labelled OVUFOU ORROA, it crumbles to dust.
It is a scroll of identify.
n - 2 potions of lignification;
P - 2 potions of lignification
Z - 2 scrolls of identify The bog mummy gestures at you while chanting.
You feel yourself slow down.
As you read the scroll of identify, it crumbles to dust.
i - 2 potions of heal wounds;
N - 2 potions of heal wounds A mummy comes into view.
You feel much better.
You hit the bog mummy but do no damage.
Your weapon exudes an aura of protection.
A killer bee zombie comes into view.
The bog mummy hits you!
You barely miss the bog mummy. The bog mummy hits you!
* * * LOW HITPOINT WARNING * * *
You hit the bog mummy.
Your weapon exudes an aura of protection.
You punch the bog mummy, but do no damage.
The bog mummy is moderately damaged.
The bog mummy barely misses you. You furiously retaliate!
You headbutt the bog mummy. You puncture the bog mummy!
Your headbutt misses the bog mummy.
The bog mummy is almost destroyed.
The bog mummy barely misses you.
The bog mummy hits you but does no damage.
You completely miss the bog mummy.
The bog mummy is almost destroyed.
The mummy hits you.
* * * LOW HITPOINT WARNING * * *
The bog mummy casts a spell at you. The puff of frost hits you!
You die...

≈≈ ## ### ####≈#~
##~#≈#≈≈
#.~.#P~.#P≈#≈≈####
+#.~~~~#'#~~#~≈≈≈≈#
...~~~.~~~...≈≈≈≈#
+##+##'##~#~≈≈≈≈≈
#...#~'Z~~≈#≈
#.∩.#M#M#~#≈#
#∩..#~M@# ~≈#
#####.### ## ~~~.
###.~# #.~P #~~~#
#~..≈ #M##~≈


You could see a mummy, 2 bog mummies and a killer bee zombie.

Vanquished Creatures
  A bullfrog zombie (Ossuary)
  3 centaur zombies (Ossuary)
  Natasha (D:2)
  An orc wizard (D:3)
  7 mummies
  3 adders
  2 ufetubi (D:4)
  4 worms
  2 dart slugs (D:1)
  7 orcs
  6 ball pythons
  2 endoplasms (D:1)
  4 giant cockroaches
  5 goblins
  3 hobgoblins
  4 jackals (D:3)
  4 kobolds
  7 quokkas
  11 bats
  2 frilled lizards
  9 rats
88 creatures vanquished.

Notes
Turn   | Place    | Note
-------+----------+-------------------------------------------
     0 | D:1      | Twinkles the Minotaur Berserker began the quest for the
                  | Orb.
     0 | D:1      | Reached XP level 1. HP: 19/19 MP: 0/0
   120 | D:1      | Reached XP level 2. HP: 16/27 MP: 1/1
   432 | D:1      | Reached ** piety under Trog
   774 | D:1      | Reached XP level 3. HP: 32/33 MP: 2/2
  1185 | D:2      | Identified the +1 falchion "Kijaol" {heavy, rC- Str-3 Dex+7
                  | SInv}
  1414 | D:2      | Reached XP level 4. HP: 40/40 MP: 3/3
  1504 | D:2      | Found a faded altar of an unknown god.
  1686 | D:3      | Noticed Natasha
  1695 | D:2      | Killed Natasha
  1957 | D:3      | Reached *** piety under Trog
  2126 | D:4      | Found a hide-covered altar of Uskayaw.
  2187 | D:4      | Reached XP level 5. HP: 43/47 MP: 4/4
  2210 | D:3      | HP: 10/47 [something/magic dart (7)]
  2215 | D:3      | HP: 9/47 [something (2)]
  2220 | D:3      | Reached skill level 5 in Fighting
  2220 | D:3      | Reached skill level 5 in Axes
  2457 | D:4      | Found a transporter.
  2459 | D:4      | Noticed arvidsem's ghost (amateur DECj)
  2460 | D:4      | Noticed an ogre
  2518 | D:4      | Found a sand-covered staircase.
  2528 | Ossuary  | Entered an ossuary
  2554 | Ossuary  | Reached XP level 6. HP: 52/57 MP: 5/5
  2619 | Ossuary  | HP: 12/57 [bog mummy (6)]
  2625 | Ossuary  | HP: 13/57 [bullfrog zombie (1)]
  2638 | Ossuary  | HP: 8/58 [mummy (6)]
  2644 | Ossuary  | HP: 11/58 [bog mummy (12)]
  2647 | Ossuary  | Killed from afar by a bog mummy

Illustrated notes

Levels and vault maps discovered:
D:1:      kennysheep_arrival_seaside, layout_loops_ring, corexii_hall_statues_s,
          st_stairs_11, kennysheep_pointless_box
D:2:      layout_basic, shapermc_ecumenical_altar_petra
D:3:      layout_rooms, uniq_natasha
D:4:      layout_basic, gammafunk_temple_overflow_claw,
          nicolae_uskayaw_murder_on_the_dancefloor, gup_ossuary_entry_pyramid,
          serial_glass, glass_columns_b, glass_columns_a, gammafunk_ghost_smash,
          uniq_edmund
Ossuary:  ossuary_zaba_flooded

Skill      XL: |  1  2  3  4  5  6 |
---------------+-------------------+-----
Fighting       | 4 5 6 |  6.4
Axes           | 4 5 6 |  6.3
Armour         | 3 |  3.7
Dodging        | 3 |  3.4

Action                     |  1- 3 |  4- 6 || total
---------------------------+-------+-------++-------
  Melee: Hand axe          |    92 |    29 ||   121
         Headbutt          |    11 |    17 ||    28
         Trident           |       |   124 ||   124
         Punch             |       |     2 ||     2
    Use: Scroll            |       |     2 ||     2
         Potion            |       |     1 ||     1
   Stab: Sleeping          |     2 |       ||     2
 Armour: Animal skin       |    16 |    58 ||    74
  Dodge: Dodged            |    55 |    90 ||   145

Table legend: (Time is in decaauts)
 A = Elapsed time spent in this place.
 B = Non-inter-level travel time spent in this place.
 C = Inter-level travel time spent in this place.
 D = Time resting spent in this place.
 E = Time spent auto-exploring this place.
 F = Levels seen in this place.
 G = Mean time per level.
                   A        B        C        D        E       F      G
               +--------+--------+--------+--------+--------+-----+--------+
         Total |   2688 |   2539 |    149 |    218 |   1595 |   5 |  537.6 |
       Dungeon |   2556 |   2407 |    149 |    211 |   1558 |   4 |  639.0 |
       Ossuary |    132 |    132 |      0 |      7 |     37 |   1 |  132.0 |
               +--------+--------+--------+--------+--------+-----+--------+

Top non-repeatable levels by time:
     D:1: 975 daAuts
     D:2: 795 daAuts
     D:3: 561 daAuts
     D:4: 223 daAuts
 Ossuary: 132 daAuts
